 Dungeon Crawl Stone Soup version 0.31-a0-700-gf13585253f (webtiles) character file.

Game seed: 4077946481962735419

82 Xavori the Cutter (level 4, -3/26 HPs)
             Began as an Octopode Chaos Knight on Sept 7, 2023.
             Was a Plaything of Xom.
             Slain by Prince Ribbit (8 damage)
             ... on level 6 of the Dungeon.
             The game lasted 00:03:38 (9910 turns).

Xavori the Cutter (Octopode Chaos Knight)           Turns: 9910, Time: 00:03:39

Health: -3/26      AC:  3    Str: 11    XL:     4   Next: 43%
Magic:  4/4        EV: 13    Int: 12    God:    Xom [....*.]
Gold:   180        SH:  0    Dex: 13    Spells: 3/3 levels left

rFire   . . .        a - +0 short sword (chaos)
rCold   + . .        (no shield)
rNeg    . . .        (helmet restricted)
rPois   .            (no amulet)
rElec   .            (no ring)
rCorr   .            (no ring)
SInv    .            (no ring)
Will    .....        (no ring)
Stlth   +++          (no ring)
HPRegen 0.24/turn    (no ring)
MPRegen 0.09/turn    (no ring)
                     (no ring)

%: no passive effects
@: mighty
A: almost no armour, amphibious, 8 rings, camouflage 1, gelatinous body 1,
(nimble swimmer 1), tentacles, tentacle spike 1, iridescent scales 1, cold
resistance 1, dopey 1, frail 2, subdued magic 1
a: Renounce Religion


You were on level 6 of the Dungeon.
You worshipped Xom.
You were a beloved toy of Xom.
You visited 1 branch of the dungeon, and saw 4 of its levels.

You collected 180 gold pieces.

Inventory:

Hand Weapons
 a - a +0 short sword of chaos (weapon)
Jewellery
 l - a ring of protection from fire
Scrolls
 b - a scroll of butterflies
 d - 4 scrolls of enchant armour {unknown}
 e - 3 scrolls of teleportation {unknown}
 m - a scroll of fear {unknown}
 o - a scroll of identify {unknown}
 p - a scroll of revelation {unknown}
Potions
 c - a potion of curing {unknown}
 f - a potion of mutation {unknown}
 g - a potion of resistance {unknown}
 h - a potion of might
 i - a potion of magic {unknown}
 j - a potion of haste {unknown}
 k - a potion of invisibility {unknown}
 n - 2 potions of brilliance {unknown}


   Skills:
 + Level 3.7 Fighting
 + Level 3.9 Short Blades
 + Level 2.8 Dodging
 + Level 2.0 Stealth


You had 3 spell levels left.
You didn't know any spells.
Your spell library contained the following spells:

 Spells                   Type           Power      Damage    Failure   Level
 Magic Dart               Conj           0%         1d3       28%         1
 Blink                    Tloc           0%         N/A       41%         2
 Lesser Beckoning         Tloc           0%         N/A       41%         2
 Momentum Strike          Conj/Tloc      0%         3d8       41%         2
 Searing Ray              Conj           0%         2d4       41%         2
 Fulminant Prism          Conj/Hex       0%         3d5       96%         4


Dungeon Overview and Level Annotations

Branches:
Dungeon (3/15)

Altars:

Annotations:
D:6 Prince Ribbit


Innate Abilities, Weirdness & Mutations

You cannot wear most types of armour.
You are amphibious.
You can wear up to eight rings at the same time.
Your skin changes colour to match your surroundings (Stealth+).
Your rubbery body absorbs attacks. (AC +1, EV +1)
((You are camouflaged when in or above water. (Stealth+)))
You have tentacles for arms and can constrict up to eight enemies at once.
One of your tentacles bears a spike.
You are partially covered in iridescent scales. (AC +2)
Your flesh is cold resistant. (rC+)
You are dopey. (Int -2)
You are very frail. (-20% HP)
Your spells are a little easier to cast, but a little less powerful.


Message History

You constrict the adder, but do no damage.
The adder barely misses you.
You hit the adder. You burn the adder.
Your tentacle spike misses the adder.
The adder is heavily wounded.
You constrict the adder, but do no damage.
The adder bites you but does no damage.
An adder is nearby!
You barely miss the adder.
You pierce the adder.
You squeeze the adder, but do no damage.
The adder is almost dead.
You constrict the adder.
You kill the adder!
Your Stealth skill increases to level 2!
No target in view!
Prince Ribbit comes into view.
Prince Ribbit croaks.
An adder comes into view.
An orc wizard comes into view. It is wielding a +0 dagger.
There are monsters nearby!
There are monsters nearby!
Prince Ribbit croaks regally.
Prince Ribbit blinks!
It was a potion of might.
You feel very mighty all of a sudden.
Xom thinks this is hilarious!
Prince Ribbit hits you!
You puncture Prince Ribbit! You burn Prince Ribbit.
Your grab misses Prince Ribbit.
Your tentacle spike misses Prince Ribbit.
Your squeeze misses Prince Ribbit.
Prince Ribbit is moderately wounded.
Prince Ribbit hits you!
* * * LOW HITPOINT WARNING * * *
A shower of butterflies erupts from you!
You barely miss Prince Ribbit. Your grab misses Prince Ribbit.
Your squeeze misses Prince Ribbit.
Prince Ribbit is moderately wounded.
Prince Ribbit hits you!
You die...
Xom roars with laughter!

##......## ####
##.....#
#..#######...##
#.............##
########.#.....##
#..###....##
###..# ##....##
#bbb.# ###...##
###@b# ##...###
#F## ###...## #b#
##...## #.#
###..# #.# ##..
#.# ##. ..# ##
..# # .... #


You could see Prince Ribbit (ally target).

Vanquished Creatures
  2 adders
  An adder zombie (D:2)
  A dart slug (D:2)
  An orc (D:2)
  5 bats
  A bat skeleton (D:2)
  2 bat zombies (D:2)
  3 endoplasms
  2 giant cockroaches (D:2)
  4 goblins
  8 hobgoblins
  3 jackals (D:1)
  5 kobolds (D:2)
  2 quokkas (D:2)
  4 ball pythons (D:2)
  A ball python zombie (D:2)
  5 frilled lizards (D:2)
  2 rats (D:2)
52 creatures vanquished.

Notes
Turn   | Place    | Note
-------+----------+-------------------------------------------
     0 | D:1      | Xavori the Octopode Chaos Knight began the quest for the
                  | Orb.
     0 | D:1      | Reached XP level 1. HP: 16/16 MP: 1/1
   376 | D:1      | XOM: silly message
   400 | D:1      | Reached XP level 2. HP: 13/21 MP: 2/2
   407 | D:1      | XOM: silly message
   640 | D:1      | XOM: 4-stop teleportation journey
   931 | D:2      | Reached skill level 1 in Stealth
  1023 | D:2      | Reached XP level 3. HP: 20/26 MP: 3/3
  1116 | D:2      | XOM: silly message
  1376 | D:2      | Reached XP level 4. HP: 17/32 MP: 4/4
  1714 | D:2      | Found a faded altar of an unknown god.
  2610 | D:1      | XOM: noise
  3399 | D:1      | XOM: give mutation
  3399 | D:1      | Gained mutation: You are partially covered in iridescent
                  | scales. (AC +2) [Xom's grace]
  3922 | D:1      | XOM: torment (18/33 hp)
  4721 | D:1      | XOM is BORED!
  4721 | D:1      | XOM: torment (18/33 hp)
  4969 | D:1      | XOM: summons 2 hostile shadow creatures
  5204 | D:2      | XOM: give mutation
  5204 | D:2      | Gained mutation: You occasionally shout uncontrollably at
                  | your foes. [Xom's mischief]
  5451 | D:1      | XOM: give mutations
  5451 | D:1      | Gained mutation: You are frail. (-10% HP) [Xom's mischief]
  5451 | D:1      | Gained mutation: Your mind is acute. (Int +4, Str/Dex -1)
                  | [Xom's mischief]
  6174 | D:1      | XOM is BORED!
  6174 | D:1      | XOM: give mutations
  6174 | D:1      | Lost mutation: Your mind is acute. (Int +4, Str/Dex -1)
                  | [Xom's mischief]
  6174 | D:1      | Gained mutation: You are agile. (Dex +4, Str/Int -1) [Xom's
                  | mischief]
  6174 | D:1      | Lost mutation: You are agile. (Dex +4, Str/Int -1) [Xom's
                  | mischief]
  6174 | D:1      | Gained mutation: Your spells are a little easier to cast,
                  | but a little less powerful. [Xom's mischief]
  6296 | D:1      | XOM: summons 3 hostile demons
  6640 | D:1      | XOM: god gift: runed trident {god gift}
  7925 | D:1      | XOM: summons 3 hostile demons
  7926 | D:1      | Noticed a ynoxinul
  8035 | D:2      | XOM: silly message
  8137 | D:1      | XOM: summons 3 hostile demons
  8138 | D:1      | Noticed a smoke demon
  8448 | D:2      | XOM: give mutations
  8448 | D:2      | Gained mutation: You are very frail. (-20% HP) [Xom's
                  | mischief]
  8448 | D:2      | Gained mutation: You are extremely frail. (-30% HP) [Xom's
                  | mischief]
  8448 | D:2      | Lost mutation: You are extremely frail. (-30% HP) [Xom's
                  | mischief]
  8669 | D:2      | XOM: give mutations
  8669 | D:2      | Gained mutation: One of your tentacles bears a spike.
                  | [Xom's mischief]
  8669 | D:2      | Gained mutation: You passively map a small area around you.
                  | [Xom's mischief]
  8669 | D:2      | Lost mutation: You occasionally shout uncontrollably at
                  | your foes. [Xom's mischief]
  8669 | D:2      | Lost mutation: You passively map a small area around you.
                  | [Xom's mischief]
  8705 | D:2      | XOM: give mutations
  8705 | D:2      | Gained mutation: Your spells are easier to cast, but less
                  | powerful. [Xom's mischief]
  8705 | D:2      | Lost mutation: Your spells are easier to cast, but less
                  | powerful. [Xom's mischief]
  8705 | D:2      | Gained mutation: Your flesh is cold resistant. (rC+) [Xom's
                  | mischief]
  8924 | D:2      | XOM: scenery: 1 doors open, 2 doors close
  9266 | D:2      | XOM: give mutation
  9266 | D:2      | Gained mutation: You are dopey. (Int -2) [Xom's mischief]
  9701 | D:3      | You fall into a shaft and drop 3 floors!
  9786 | D:6      | Noticed a steam dragon
  9904 | D:6      | Noticed Prince Ribbit
  9909 | D:6      | XOM: butterfly on damage
  9910 | D:6      | Slain by Prince Ribbit

Illustrated notes

Levels and vault maps discovered:
D:1:      dpeg_chamrin_arrival_tetris, layout_basic
D:2:      minmay_razor_zed, layout_basic, serial_undead, serial_undead_d,
          serial_undead_f, serial_undead_b, serial_undead_a,
          shapermc_ecumenical_altar_mp_vishouse
D:3:      kennysheep_the_goblin_king, layout_loops_ring,
          nicolae_wu_jian_glorious_leap
D:6:      layout_cave_pods, uniq_prince_ribbit1

Skill      XL: |  1  2  3  4 |
---------------+-------------+-----
Stealth        | 1 2 |  2.0
Fighting       | |  3.7
Short Blades   | |  3.9
Dodging        | |  2.8

Action                     |  1- 3 |  4- 6 || total
---------------------------+-------+-------++-------
  Melee: Short sword       |    87 |    23 ||   110
         Tentacles         |    19 |     4 ||    23
         Constrict         |    23 |     7 ||    30
         Kick              |       |     1 ||     1
         Punch             |       |     1 ||     1
    Use: Potion            |       |     1 ||     1
   Stab: Sleeping          |     5 |     2 ||     7
 Armour: Skin              |    48 |    12 ||    60
  Dodge: Dodged            |    57 |     7 ||    64

Table legend: (Time is in decaauts)
 A = Elapsed time spent in this place.
 B = Non-inter-level travel time spent in this place.
 C = Inter-level travel time spent in this place.
 D = Time resting spent in this place.
 E = Time spent auto-exploring this place.
 F = Levels seen in this place.
 G = Mean time per level.
                   A        B        C        D        E       F      G
               +--------+--------+--------+--------+--------+-----+--------+
         Total |   9894 |   9857 |     37 |   7935 |   1599 |   4 | 2473.5 |
       Dungeon |   9894 |   9857 |     37 |   7935 |   1599 |   4 | 2473.5 |
               +--------+--------+--------+--------+--------+-----+--------+

Top non-repeatable levels by time:
     D:1: 6487 daAuts
     D:2: 3181 daAuts
     D:6: 207 daAuts
     D:3: 17 daAuts
